 Dungeon Crawl Stone Soup version 0.29.0-7-g18a832c13a (webtiles) character file.

Game seed: 16552640424893352954

4408 Renzlar the Blocker (level 10, 82/82 HPs)
             Began as a Gnoll Fighter on Aug 31, 2022.
             Was an Elder of Okawaru.
             Quit the game on level 8 of the Dungeon.
             The game lasted 00:31:31 (10390 turns).

Renzlar the Blocker (Gnoll Fighter)                Turns: 10390, Time: 00:31:32

Health: 82/82      AC: 14    Str: 19    XL:     10   Next: 36%
Magic:  18/18      EV: 10    Int:  8    God:    Okawaru [****..]
Gold:   471        SH: 10    Dex: 12    Spells: 15/19 levels left

rFire   . . .      SeeInvis .   k - +3 flail (freeze)
rCold   . . .      Faith    .   x - +0 kite shield
rNeg    + . .      Spirit   .   b - +1 scale mail
rPois   +          Reflect  .   l - +2 helmet
rElec   .          Harm     .   (no cloak)
rCorr   .          Rampage  .   (no gloves)
Will    .....                   j - +0 pair of boots
Stlth   ++........              i - amulet of Spring {RegenMP rPois rN+}
HPRegen 0.23/turn               (no ring)
MPRegen 0.56/turn               (no ring)

@: studying Staves
A: fangs 1, strong nose, distributed training
a: Renounce Religion, Heroism, Finesse


You were on level 8 of the Dungeon.
You worshipped Okawaru.
Okawaru was greatly pleased with you.
You visited 1 branch of the dungeon, and saw 9 of its levels.

You collected 471 gold pieces.

Inventory:

Hand Weapons
 a - a +1 war axe
 c - a +0 sling
 k - a +3 flail of freezing (weapon)
Missiles
 s - 12 poisoned darts
 y - a curare-tipped dart
Armour
 b - a +1 scale mail (worn)
 j - a +0 pair of boots (worn)
 l - a +2 helmet (worn)
 x - a +0 kite shield (worn)
Jewellery
 i - the amulet of Spring (around neck) {RegenMP rPois rN+}
   (You acquired it on level 5 of the Dungeon)

   [amulet of magic regeneration]

   It increases your rate of magic regeneration.
   rPois:     It protects you from poison.
   rN:        It protects you from negative energy.
 m - an amulet of reflection
Wands
 g - a wand of charming (11)
 A - a wand of mindburst (23)
Scrolls
 h - 7 scrolls of teleportation
 v - a scroll of fog
 w - a scroll of fear
Potions
 d - a potion of might
 e - 5 potions of curing
 f - 2 potions of mutation
 n - 3 potions of flight
 o - a potion of heal wounds
 p - a potion of berserk rage
 q - a potion of invisibility {unknown}
 r - a potion of magic {unknown}
 t - 3 potions of cancellation
 u - a potion of brilliance {unknown}
 z - a potion of ambrosia


   Skills:
 + Level 8.6 Fighting
 + Level 5.4 Short Blades
 + Level 5.4 Long Blades
 + Level 7.1 Axes
 + Level 5.4 Maces & Flails
 + Level 5.4 Polearms
 + Level 6.8 Staves
 + Level 5.4 Ranged Weapons
 + Level 5.4 Throwing
 + Level 8.6 Armour
 + Level 5.4 Dodging
 + Level 5.4 Stealth
 + Level 8.6 Shields
 + Level 5.4 Unarmed Combat
 + Level 5.4 Spellcasting
 + Level 4.4 Conjurations
 + Level 4.4 Hexes
 + Level 4.4 Summonings
 + Level 4.4 Necromancy
 + Level 4.4 Translocations
 + Level 4.4 Transmutations
 + Level 4.4 Fire Magic
 + Level 4.4 Ice Magic
 + Level 4.4 Air Magic
 + Level 4.4 Earth Magic
 + Level 4.4 Poison Magic
 + Level 5.9 Invocations
 + Level 5.4 Evocations


You had 15 spell levels left.
You knew the following spells:

 Your Spells              Type           Power      Damage    Failure   Level
a - Frozen Ramparts       Ice            18%        1d3       58%         3
b - Beastly Appendage     Tmut           18%        N/A       26%         1

Your spell library contained the following spells:

 Spells                   Type           Power      Damage    Failure   Level
 Freeze                   Ice            36%        1d6       26%         1
 Wereblood                Tmut           9%         N/A       36%         2
 Spider Form              Tmut/Pois      9%         N/A       58%         3
 Hailstorm                Conj/Ice       9%         3d4       94%         4
 Passage of Golubria      Tloc           9%         N/A       94%         4
 Yara's Violent Unravell  Hex/Tmut       4%         3d4       100%        5
 Tukima's Dance           Hex            Unusable   N/A       N/A         3

Dungeon Overview and Level Annotations

Branches:
Dungeon (9/15)             Temple (0/1) D:4
   Lair: D:8-11         Orc: D:9-12

Altars:
Elyvilon
Makhleb
Okawaru
Qazlal
Sif Muna


Innate Abilities, Weirdness & Mutations

You have very sharp teeth.
Your uncanny sense of smell can sniff out nearby items.
Your experience applies equally to all skills.


Message History

The killer bee is almost dead.
You feel sick. You block the killer bee's attack. x2
The killer bee stings you but does no damage.
You miss the killer bee.
The killer bee is almost dead.
You feel sick.
The killer bee stings you but does no damage.
You block the killer bee's attack.
You barely miss the killer bee. Your headbutt misses the killer bee.
You bite the killer bee.
The killer bee is almost dead.
You feel sick.
You are no longer poisoned.
The killer bee stings you. You block the killer bee's attack. x2
A wight comes into view. It is wielding a +3 war axe.
You barely miss the killer bee. You claw the killer bee.
You kill the killer bee!
Okawaru accepts your kill. The killer bee stings you!
Unknown command.
The killer bee barely misses you. You block the killer bee's attack.
You climb upwards.
There is a stone staircase leading down here.
You closely miss the killer bee. Your kick misses the killer bee.
Your headbutt misses the killer bee.
Your horns disappear.
Your talons disappear.
Your +2 helmet unmelds from your body.
Your +0 pair of boots unmelds from your body.
The killer bee closely misses you. You block the killer bee's attack.
The killer bee stings you but does no damage.
You sock the killer bee! You freeze the killer bee.
Your bite misses the killer bee.
The killer bee is severely wounded.
The killer bee misses you. The killer bee barely misses you.
You hit the killer bee. You freeze the killer bee.
You kill the killer bee!
Okawaru accepts your kill.
You start resting.
HP restored.
Are you sure you want to abandon this character and quit the game? (Confirm with "yes".)

'##...#..............############
.##...##.....#####)..............
.......#.....#...)...............
.......+.....#...#)..............
.......#.....#...#...............
.......#.....#...#....>..........
.......#.....#...#..........###'#
.......#..)..#####..........#....
.......#..)).#..@#.....######....
#####'##..)..#..†#.....#.....>...
.............#...#.....#.........
.............#...'.....#.........
.............##..#.....###'####..
........###'###..####.........###
........#...........#.........#
#########...........#.........#
....................#.........#


There were no monsters in sight!

Vanquished Creatures
  Grinder (D:3)
  6 yaks (D:6)
  2 steam dragons
  Menkaure (D:4)
  3 water moccasins
  Duvessa (D:4)
  An orc warrior (D:7)
  A black bear (D:8)
  2 ogres
  An ice beast (D:5)
  3 phantoms
  2 kobold brigands
  2 necrophages
  3 bullfrogs
  3 scorpions
  4 wights (D:8)
  Dowan (D:4)
  3 killer bees
  2 howler monkeys (D:6)
  A quasit (D:4)
  5 orc priests
  3 gnoll boudas
  8 orc wizards
  An iguana (D:5)
  7 gnolls
  6 adders
  4 shadow imps (D:5)
  4 white imps
  10 ufetubi (D:5)
  2 worms
  2 dart slugs
  28 orcs
  2 bats
  7 endoplasms
  A giant cockroach (D:1)
  5 goblins
  8 hobgoblins
  19 kobolds
  4 quokkas
  9 ball pythons
  3 frilled lizards
  5 rats
186 creatures vanquished.

Vanquished Creatures (others)
  3 demonic plants (D:5)
  A plant (D:7)
4 creatures vanquished.

Grand Total: 190 creatures vanquished

Notes
Turn   | Place    | Note
-------+----------+-------------------------------------------
     0 | D:1      | Renzlar the Gnoll Fighter began the quest for the Orb.
     0 | D:1      | Reached XP level 1. HP: 23/23 MP: 1/1
   163 | D:1      | Reached XP level 2. HP: 29/29 MP: 2/2
   231 | D:1      | Found a faded altar of an unknown god.
   465 | D:1      | Reached XP level 3. HP: 35/35 MP: 3/3
   821 | D:2      | Reached skill level 1 in Invocations
  1302 | D:2      | Reached skill level 1 in Short Blades
  1302 | D:2      | Reached skill level 1 in Long Blades
  1302 | D:2      | Reached skill level 1 in Maces & Flails
  1302 | D:2      | Reached skill level 1 in Polearms
  1302 | D:2      | Reached skill level 1 in Staves
  1302 | D:2      | Reached skill level 1 in Ranged Weapons
  1302 | D:2      | Reached skill level 1 in Throwing
  1302 | D:2      | Reached skill level 1 in Dodging
  1302 | D:2      | Reached skill level 1 in Stealth
  1302 | D:2      | Reached skill level 1 in Unarmed Combat
  1302 | D:2      | Reached skill level 1 in Spellcasting
  1302 | D:2      | Reached skill level 1 in Evocations
  1737 | D:3      | Reached XP level 4. HP: 36/41 MP: 5/5
  2153 | D:3      | Reached skill level 1 in Conjurations
  2153 | D:3      | Reached skill level 1 in Hexes
  2153 | D:3      | Reached skill level 1 in Summonings
  2153 | D:3      | Reached skill level 1 in Necromancy
  2153 | D:3      | Reached skill level 1 in Translocations
  2153 | D:3      | Reached skill level 1 in Transmutations
  2153 | D:3      | Reached skill level 1 in Fire Magic
  2153 | D:3      | Reached skill level 1 in Ice Magic
  2153 | D:3      | Reached skill level 1 in Air Magic
  2153 | D:3      | Reached skill level 1 in Earth Magic
  2153 | D:3      | Reached skill level 1 in Poison Magic
  2445 | D:3      | Noticed Grinder
  2448 | D:3      | Paralysed by Grinder for 2 turns
  2461 | D:3      | Killed Grinder
  2462 | D:3      | Reached skill level 5 in Axes
  2462 | D:3      | Reached XP level 5. HP: 15/47 MP: 5/8
  2462 | D:3      | Reached XP level 6. HP: 17/53 MP: 5/9
  2722 | D:3      | Found an iron altar of Okawaru.
  2730 | D:3      | Became a worshipper of Warmaster Okawaru
  3162 | D:4      | Reached XP level 7. HP: 53/60 MP: 10/10
  3210 | D:4      | Noticed Dowan
  3211 | D:4      | Noticed Duvessa
  3217 | D:4      | Reached * piety under Okawaru
  3416 | D:4      | Found a staircase to the Ecumenical Temple.
  3419 | D:4      | Noticed Menkaure
  3429 | D:4      | Killed Menkaure
  3557 | D:4      | Killed Duvessa
  3794 | D:4      | Killed Dowan
  3795 | D:4      | Reached XP level 8. HP: 51/67 MP: 12/12
  4142 | D:5      | Entered Level 5 of the Dungeon
  4613 | D:5      | Found a stormy altar of Qazlal.
  4862 | D:5      | Reached ** piety under Okawaru
  5151 | D:5      | Found a large runed translucent door.
  5158 | D:5      | Found a large runed translucent door.
  5173 | D:5      | Found a burning altar of Makhleb.
  5348 | D:5      | Found a shimmering blue altar of Sif Muna.
  6349 | D:6      | Reached XP level 9. HP: 72/73 MP: 13/15
  6667 | D:6      | Reached skill level 5 in Staves
  6923 | D:6      | Reached *** piety under Okawaru
  6933 | D:6      | Reached skill level 5 in Invocations
  7252 | D:5      | Identified a scroll of acquirement
  7252 | D:5      | Acquired the amulet of Spring {RegenMP rPois rN+}
  7575 | D:7      | Received a gift from Okawaru
  7576 | D:7      | Reached skill level 5 in Short Blades
  7576 | D:7      | Reached skill level 5 in Long Blades
  7576 | D:7      | Reached skill level 5 in Maces & Flails
  7576 | D:7      | Reached skill level 5 in Polearms
  7576 | D:7      | Reached skill level 5 in Ranged Weapons
  7576 | D:7      | Reached skill level 5 in Throwing
  7576 | D:7      | Reached skill level 5 in Dodging
  7576 | D:7      | Reached skill level 5 in Stealth
  7576 | D:7      | Reached skill level 5 in Unarmed Combat
  7576 | D:7      | Reached skill level 5 in Spellcasting
  7576 | D:7      | Reached skill level 5 in Evocations
  7576 | D:7      | Reached XP level 10. HP: 30/81 MP: 17/17
  7845 | D:7      | Learned a level 3 spell: Frozen Ramparts
  8421 | D:7      | Found a white marble altar of Elyvilon.
  8722 | D:8      | Learned a level 1 spell: Beastly Appendage
  9300 | D:8      | Reached **** piety under Okawaru
 10390 | D:8      | Quit the game

Illustrated notes

Levels and vault maps discovered:
D:1:      evilmike_arrival_hilbert_curve, layout_loops_ring,
          ebering_ecumenical_altar_rust, serial_bayou_pond_d
D:2:      layout_basic
D:3:      layout_loops_cross, okawaru_altar_gauntlet_db, uniq_grinder
D:4:      layout_basic, minmay_temple_entry_slanted, uniq_menkaure, uniq_duvessa
D:5:      layout_basic, grunt_qazlal_sundering, jmf_multi_god_temple2,
          serial_demonic, serial_demonic_d, serial_demonic_c, serial_demonic_f,
          serial_demonic_a, serial_demonic_a, serial_demonic_d,
          serial_demonic_c, serial_demonic_f, minmay_manual_mess
D:6:      layout_rooms, hangedman_decor_riveting, hangedman_decor_growths
D:7:      layout_loops_ring, mainiacjoe_overflow_alcove_4,
          david_defended_altar_orc
D:8:      layout_gridville
D:9:      layout_loops_ring, lemuel_tele_altar, kennysheep_mini_moat,
          mainiacjoe_overflow_concentric_impassable

Skill      XL: |  1  2  3  4  5  6  7  8  9 10 |
---------------+-------------------------------+-----
Invocations    | 1 2 3 4 5 |  5.9
Short Blades   | 1 2 3 4 5 |  5.4
Long Blades    | 1 2 3 4 5 |  5.4
Maces & Flails | 1 2 3 4 5 |  5.4
Polearms       | 1 2 3 4 5 |  5.4
Staves         | 1 2 3 4 6 |  6.8
Ranged Weapons | 1 2 3 4 5 |  5.4
Throwing       | 1 2 3 4 5 |  5.4
Dodging        | 1 2 3 4 5 |  5.4
Stealth        | 1 2 3 4 5 |  5.4
Unarmed Combat | 1 2 3 4 5 |  5.4
Spellcasting   | 1 2 3 4 5 |  5.4
Evocations     | 1 2 3 4 5 |  5.4
Conjurations   | 1 2 3 4 |  4.4
Hexes          | 1 2 3 4 |  4.4
Summonings     | 1 2 3 4 |  4.4
Necromancy     | 1 2 3 4 |  4.4
Translocations | 1 2 3 4 |  4.4
Transmutations | 1 2 3 4 |  4.4
Fire Magic     | 1 2 3 4 |  4.4
Ice Magic      | 1 2 3 4 |  4.4
Air Magic      | 1 2 3 4 |  4.4
Earth Magic    | 1 2 3 4 |  4.4
Poison Magic   | 1 2 3 4 |  4.4
Axes           | 5 6 7 |  7.1
Fighting       | 7 8 |  8.6
Armour         | 7 8 |  8.6
Shields        | 7 8 |  8.6

Action                   |  1- 3 |  4- 6 |  7- 9 | 10-12 || total
-------------------------+-------+-------+-------+-------++-------
Melee: War axe           |    76 |    98 |   359 |    87 ||   620
       Bite              |     1 |     9 |    59 |    15 ||    84
       Flail             |       |       |     7 |    23 ||    30
       Kick              |       |       |       |    19 ||    19
       Headbutt          |       |       |       |     9 ||     9
 Fire: Sling             |       |    30 |    75 |    31 ||   136
 Cast: Beastly Appendage |       |       |       |    11 ||    11
Invok: Heroism           |       |       |     4 |       ||     4
  Use: Scroll            |     7 |     1 |    11 |     3 ||    22
       Potion            |       |     1 |       |       ||     1
Armor: Scale mail        |    34 |    38 |   195 |    50 ||   317
Dodge: Dodged            |    17 |    24 |   200 |    59 ||   300
Block: Buckler           |    12 |    40 |   246 |    15 ||   313
       Reflection        |     1 |     3 |     1 |       ||     5
       Kite shield       |       |       |       |    50 ||    50
